AoeStats
← Kiritastrich

Arena

507367074Analyzed
1v1 RM · 14d ago on Sep 17, 2026· 46m 4s· 2 players
Game mode
Random Map
Map size
Tiny (2 player)
Population
200
Speed
Normal
Resources
Standard
Victory
Conquest
Starting age
Dark Age
Ending age
Imperial Age
RankedLock teamsTeams togetherTeam positionsShared explorationLock speedFull tech treeHidden civsTurbo modeCheats
Victory
Defeat
🇲🇽 Jurchens · Mexico
1817
+18
🇷🇺 Koreans · Russia
1862
-18
LittleHog
11:13 Feudal Age
10:51 Loom
14:31 Fletching
18:20 Castle Age
16:22 Double-Bit Axe
17:08 Horse Collar
18:32 Scale Barding Armor
26:50 Wheelbarrow
30:52 Hand Cart
34:27 Imperial Age
33:05 Bodkin Arrow
33:33 Ballistics
33:37 Fortified Bastions
33:41 Padded Archer Armor
34:37 Masonry
35:34 Conscription
37:54 Chemistry
36:57 Bracer
37:44 Bloodlines
37:34 Husbandry
38:32 Elite Steppe Lancer
40:31 Elite Skirmisher
42:20 Chain Barding Armor
42:07 Bracer
42:27 Leather Archer Armor
43:37 Plate Barding Armor
43:55 Forging
44:40 Conscription
46:48 Ring Archer Armor
Kiritastrich
6:23 Loom
9:24 Feudal Age
12:40 Fletching
12:41 Town Watch
15:33 Horse Collar
15:47 Double-Bit Axe
18:06 Wheelbarrow
22:43 Castle Age
22:57 Scale Mail Armor
22:45 Arson
23:24 Gold Mining
23:53 Chain Mail Armor
24:07 Squires
29:33 Imperial Age
31:22 Chemistry
36:08 Elite Fire Lancer
37:06 Gambesons
39:56 Bodkin Arrow
39:33 Elite Skirmisher
40:37 Ballistics
40:37 Bracer
Connection lost

Rejoining the realm…

Still unreachable

The connection could not be restored.

Session expired

The server has moved on; the page needs a fresh start.